 Dungeon Crawl Stone Soup version 0.28.0-53-g5a82cb258f (webtiles) character file.

Game seed: 17636843688041592331

6595 styxcanada the Covert (level 10, -3/49 HPs)
             Began as a Spriggan Brigand on Aug 9, 2022.
             Was an Initiate of Gozag.
             Shot with a bolt by an orc warrior (5 damage)
             ... in a bailey.
             The game lasted 00:46:04 (9863 turns).

styxcanada the Covert (Spriggan Brigand)            Turns: 9863, Time: 00:46:05

Health: -3/49      AC: 21    Str: 15    XL:     10   Next: 71%
Magic:  29/29      EV:  6    Int: 13    God:    Gozag
Gold:   932        SH:  5    Dex: 26    Spells: 19/21 levels left

rFire   + + .      SeeInvis +   o - +8 hunting sling "No More Talking" {vorpal, Dex+3}
rCold   + + .      Faith    .   (no shield)
rNeg    . . .      Spirit   .   H - +9 gold dragon scales "Putiriu" {rPois rF+ rC+ Str+8 Dex+2}
rPois   +          Reflect  +   (helmet restricted)
rElec   .          Harm     .   C - scarf {rC+ rF+}
rCorr   .          Rampage  .   (gloves unavailable)
Will    +....                   (boots unavailable)
Stlth   ..........              f - amulet of reflection
HPRegen 0.16/turn               m - ring of magical power
MPRegen 0.21/turn               (no ring)

@: gold aura, studying Shields, very quick
A: very small, no large weapons, unfitting armour, see invisible, speed 3
a: Renounce Religion, Potion Petition, Call Merchant, Bribe Branch


You were in a bailey.
You worshipped Gozag.
Gozag was pleased with you.
You visited 2 branches of the dungeon, and saw 8 of its levels.
You also visited: Bailey.

You collected 1042 gold pieces.
You spent 33 gold pieces at shops.
You paid 77 gold pieces to Gozag.

Inventory:

Hand Weapons
 a - a +3 dagger of protection
 o - the +8 hunting sling "No More Talking" (weapon) {vorpal, Dex+3}
   (You found it on level 2 of the Dungeon)

   Any ammunition fired from it inflicts extra damage upon your enemies.
   Dex:       It affects your dexterity (+3).
 y - the +8 longbow of Growth {freeze, rC+ Dex+4}
   (You found it on level 5 of the Dungeon)

   Any ammunition fired from it freezes those it strikes, dealing additional
   cold damage.
   It can also slow down cold-blooded creatures.
   Dex:       It affects your dexterity (+4).
   rC:        It protects you from cold.
 D - the +6 dagger of Cataclysm {venom, rN+ MP-9 Str+2}
   (You found it on level 6 of the Dungeon)

   It poisons the flesh of those it strikes.
   Str:       It affects your strength (+2).
   rN:        It protects you from negative energy.
   MP:        It affects your magic capacity (-9).
Missiles
 d - 5 poisoned darts
 e - a curare-tipped dart
 g - 300 stones (quivered ammo)
 k - 12 boomerangs
 s - 35 sling bullets
 z - a throwing net
 F - 4 atropa-tipped darts
Armour
 b - a +1 robe
 c - a +0 cloak
 C - a scarf of resistance (worn)
 H - the +9 gold dragon scales "Putiriu" (worn) {rPois rF+ rC+ Str+8 Dex+2}
   (You acquired it in a bailey)

   Str:       It affects your strength (+8).
   Dex:       It affects your dexterity (+2).
   rF:        It protects you from fire.
   rC:        It protects you from cold.
   rPois:     It protects you from poison.
Magical Staves
 E - a staff of fire
Jewellery
 f - an amulet of reflection (around neck)
 m - a ring of magical power (left hand)
 v - a +6 ring of dexterity
 B - the ring of Tirasum {Str+6 Slay+3}
   (You found it on level 4 of the Dungeon)

   [ring of strength]

   Str:       It affects your strength (+6).
   Slay:      It affects your accuracy & damage with ranged weapons and melee
   (+3).
Wands
 i - a wand of flame (46)
Scrolls
 n - 3 scrolls of teleportation
 r - 2 scrolls of amnesia
 G - a scroll of identify
Potions
 h - 6 potions of curing
 j - 2 potions of heal wounds
 l - 3 potions of mutation
 p - a potion of haste
 q - 2 potions of resistance
 t - 2 potions of degeneration {unknown}
 u - a potion of berserk rage {unknown}
 w - 2 potions of ambrosia {unknown}
 x - a potion of invisibility {unknown}
 A - a potion of might {unknown}


   Skills:
 + Level 3.9 Fighting
 + Level 4.1 Short Blades
 + Level 7.4(7.9) Slings
 + Level 3.3(5.2) Throwing
 * Level 0.1 Armour
 * Level 7.0 Dodging
 * Level 12.5 Stealth
 + Level 0.9 Shields
 * Level 6.0 Spellcasting
 * Level 3.6 Conjurations
 * Level 1.2 Fire Magic
 * Level 4.7 Air Magic
 * Level 6.1 Evocations


You had 19 spell levels left.
You knew the following spells:

 Your Spells              Type           Power      Damage    Failure   Level
a - Static Discharge      Conj/Air       14%        N/A       100%        2

Your spell library contained the following spells:

 Spells                   Type           Power      Damage    Failure   Level
 Foxfire                  Conj/Fire      40%        2x1d6     100%        1
 Conjure Flame            Conj/Fire      10%        6-21      100%        3
 Inner Flame              Hex/Fire       5%         N/A       100%        3
 Airstrike                Air            8%         N/A       100%        4
 Dispel Undead            Necr           3%         3d7       100%        4
 Flame Wave               Conj/Fire      10%        2d5       100%        4
 Leda's Liquefaction      Hex/Erth       1%         N/A       100%        4
 Sticky Flame             Conj/Fire      10%        2d3       100%        4
 Summon Lightning Spire   Summ/Air       10%        N/A       100%        4
 Freezing Cloud           Conj/Ice/Air   5%         6-21      100%        5
 Lee's Rapid Deconstruct  Erth           1%         3d5*      100%        5
 Lightning Bolt           Conj/Air       7%         1d19      100%        5
 Simulacrum               Ice/Necr       1%         N/A       100%        6
 Statue Form              Tmut/Erth      2%         N/A       100%        6
 Polar Vortex             Ice            1%         N/A       100%        9


Dungeon Overview and Level Annotations

Branches:
Dungeon (7/15)             Temple (1/1) D:4          Bailey (1/1)

Altars:
Cheibriados
Dithmenos
Gozag
Kikubaaqudgha
Makhleb
Nemelex Xobeh
Ru
Sif Muna
Trog
Uskayaw
Vehumet
Wu Jian
Xom
Yredelemnul
Zin
The Shining One

Shops:
D:1 !   D:7 *

Annotations:
D:4 Grinder


Innate Abilities, Weirdness & Mutations

You are very small and have problems with some larger weapons.
You are too small for most types of armour.
You have supernaturally acute eyesight. (SInv)
You cover ground extremely quickly. (Speed+++)


Message History

The orc warrior is heavily wounded.
The orc shoots a bolt.
The bolt hits you but does no damage.
The orc warrior shoots a bolt.
The bolt hits you!
* * * LOW HITPOINT WARNING * * *
The orc warrior shoots a bolt.
The bolt closely misses you.
The orc warrior shoots a bolt.
You reflect the bolt off an invisible shield around you!
The bolt misses the orc warrior.
Fire: 304 stones
Press: ? - help, Q - select action, (/) - cycle Shift-Dir - straight line, f/p - orc warrior
Aim: an orc warrior, wielding a +0 arbalest, wearing a +0 scale mail and quivering bolts (severely wounded, 70% to hit)
You shoot a stone. The stone hits the orc warrior.
The orc warrior is almost dead.
Why would you want to do that?
Fire: 303 stones
Press: ? - help, Q - select action, (/) - cycle Shift-Dir - straight line, f/p - orc warrior
Aim: an orc warrior, wielding a +0 arbalest, wearing a +0 scale mail and quivering bolts (almost dead, 70% to hit)
You shoot a stone. The stone hits the orc warrior.
You kill the orc warrior!
The orc warrior shoots a bolt.
The bolt barely misses you.
Fire: 302 stones
Press: ? - help, Q - select action, (/) - cycle Shift-Dir - straight line, f - orc warrior
Aim: an orc warrior, wielding a +0 arbalest, wearing a +0 ring mail and quivering bolts (heavily wounded, 70% to hit)
You shoot a stone.
The stone barely misses the orc warrior.
The orc shoots a bolt.
The bolt hits you!
* * * LOW HITPOINT WARNING * * *
The orc warrior shoots a bolt.
The bolt hits you but does no damage.
Found a gate leading back out of this place.
You start resting.
There are monsters nearby!
Fire: 301 stones
Press: ? - help, Q - select action, (/) - cycle Shift-Dir - straight line, f/p - orc warrior
Aim: an orc warrior, wielding a +0 arbalest, wearing a +0 ring mail and quivering bolts (heavily wounded, 70% to hit)
You shoot a stone. The stone hits the orc warrior.
The orc warrior is severely wounded.
The orc shoots a bolt.
The bolt hits you but does no damage.
The orc warrior shoots a bolt.
The bolt hits you.
You die...
Your body crumbles into a pile of gold.

#'####.##............#
∩.∩##..#.......oo....#
'''#..##.............#
.....##..............#
....##...≈≈≈.≈≈......#
#####....≈##.#≈≈.....#
.........≈#∩.##≈.....#
.........).)..#≈.....#
.........≈##.##≈@....#
.........≈≈###≈≈.....#
..........≈≈≈≈≈......#
.....................#
.....................#
.....................#
....................∩#
######################


You could see an orc warrior and an orc.

Vanquished Creatures
  A two-headed ogre (D:6)
  Pikel (D:6)
  2 orc knights (Bailey)
  Sigmund (D:4)
  A wyvern (D:7)
  5 yaks (D:6)
  Edmund (D:4)
  Menkaure (D:4)
  A water moccasin (D:7)
  11 orc warriors (Bailey)
  An ice beast (D:5)
  A sky beast (D:4)
  2 black bears
  An ogre (D:6)
  3 phantoms
  2 gnoll sergeants
  3 scorpions
  2 water moccasin zombies (D:5)
  A water moccasin skeleton (D:4)
  4 wights (D:7)
  5 hounds
  3 centaur zombies (D:7)
  3 orc priests
  2 jellies (D:5)
  Ijyb (D:3)
  3 iguanas
  A scorpion zombie (D:5)
  3 orc wizards
  A killer bee zombie (D:6)
  A hound skeleton (D:4)
  A howler monkey zombie (D:6)
  A howler monkey skeleton (D:6)
  10 adders
  22 gnolls
  A white imp (D:6)
  A worm (D:2)
  5 dart slugs
  22 orcs
  8 bats
  8 endoplasms
  3 giant cockroaches
  11 goblins
  11 hobgoblins
  3 jackals (D:5)
  3 kobolds
  A quokka (D:1)
  9 ball pythons
  5 frilled lizards
  5 rats
198 creatures vanquished.

Notes
Turn   | Place    | Note
-------+----------+-------------------------------------------
     0 | D:1      | styxcanada the Spriggan Brigand began the quest for the
                  | Orb.
     0 | D:1      | Reached XP level 1. HP: 10/10 MP: 2/2
    33 | D:1      | Reached skill level 6 in Stealth
   139 | D:1      | Found Giuphas's Distillery.
   303 | D:1      | Reached XP level 2. HP: 6/15 MP: 3/3
   504 | D:1      | Found a faded altar of an unknown god.
  1424 | D:1      | Bought a potion of curing for 33 gold pieces
  1665 | D:2      | Reached XP level 3. HP: 9/18 MP: 4/4
  1707 | D:2      | Identified the +8 hunting sling "No More Talking" {vorpal,
                  | Dex+3}
  1861 | D:2      | Reached skill level 7 in Stealth
  2234 | D:3      | Noticed a scorpion
  2258 | D:3      | Killed a scorpion
  2259 | D:3      | Reached skill level 1 in Spellcasting
  2259 | D:3      | Reached XP level 4. HP: 23/23 MP: 6/6
  2411 | D:3      | You fall into a shaft and drop 2 floors!
  2411 | D:5      | Entered Level 5 of the Dungeon
  2482 | D:4      | Found a staircase to the Ecumenical Temple.
  2486 | D:4      | Noticed Sigmund
  2490 | D:4      | Noticed a sky beast
  2493 | Temple   | Entered the Ecumenical Temple
  2582 | D:4      | Noticed Grinder
  2591 | D:3      | Reached XP level 5. HP: 23/27 MP: 7/7
  2644 | D:3      | Learned a level 2 spell: Static Discharge
  2649 | D:3      | Noticed Ijyb
  2656 | D:3      | Killed Ijyb
  2687 | D:3      | Reached skill level 8 in Stealth
  3340 | D:4      | Noticed Edmund
  3373 | D:4      | Killed Edmund
  3374 | D:4      | Reached skill level 9 in Stealth
  3374 | D:4      | Reached skill level 1 in Evocations
  3374 | D:4      | Reached XP level 6. HP: 32/32 MP: 9/9
  3540 | D:4      | Killed Sigmund
  3541 | D:4      | Reached skill level 1 in Slings
  3541 | D:4      | Reached skill level 1 in Conjurations
  3541 | D:4      | Reached skill level 1 in Air Magic
  3541 | D:4      | Reached XP level 7. HP: 20/35 MP: 11/11
  4324 | D:4      | Reached skill level 10 in Stealth
  4445 | D:4      | Found a bloodstained altar of Trog.
  4797 | D:4      | Reached XP level 8. HP: 39/39 MP: 13/13
  5135 | D:4      | Noticed Menkaure
  5138 | D:4      | Identified the ring of Tirasum {Str+6 Slay+3}
  5143 | D:4      | Killed Menkaure
  5546 | D:5      | Found an opulent altar of Gozag.
  5552 | D:5      | Became a worshipper of Gozag Ym Sagoz the Greedy
  5581 | D:5      | Identified the +8 longbow of Growth {freeze, rC+ Dex+4}
  5635 | D:5      | Found an ornate altar of the Wu Jian Council.
  6608 | D:6      | Identified the +6 dagger of Cataclysm {venom, rN+ MP-9
                  | Str+2}
  6707 | D:6      | Noticed Pikel
  6733 | D:6      | Noticed a two-headed ogre
  6869 | D:6      | Killed a two-headed ogre
  6870 | D:6      | Reached skill level 5 in Slings
  6870 | D:6      | Reached skill level 11 in Stealth
  6870 | D:6      | Reached XP level 9. HP: 44/44 MP: 16/16
  6901 | D:6      | Reached skill level 5 in Dodging
  7367 | D:6      | Killed Pikel
  7816 | D:6      | Reached skill level 5 in Spellcasting
  8033 | D:7      | Reached skill level 5 in Evocations
  8033 | D:7      | Reached XP level 10. HP: 48/49 MP: 18/18
  8165 | D:7      | Found Zin's Purification Station.
  8170 | D:7      | Found a glowing silver altar of Zin.
  8422 | D:7      | Found a shadowy altar of Dithmenos.
  8429 | D:7      | Reached skill level 12 in Stealth
  8435 | D:7      | Found a shimmering altar of Xom.
  8549 | D:7      | Found a hide-covered altar of Uskayaw.
  8878 | D:7      | Found a flagged portal.
  8906 | Bailey   | Entered a bailey
  9507 | Bailey   | Noticed an orc knight
  9507 | Bailey   | Noticed an orc knight
  9509 | Bailey   | Killed an orc knight
  9512 | Bailey   | Killed an orc knight
  9513 | Bailey   | Reached skill level 1 in Fire Magic
  9521 | Bailey   | Identified the +7 executioner's axe of Decaying Defence
                  | {venom, Str+3}
  9556 | Bailey   | Acquired the +9 gold dragon scales "Putiriu" {rPois rF+ rC+
                  | Str+8 Dex+2}
  9859 | Bailey   | HP: 2/49 [orc/bolt (13)]
  9863 | Bailey   | Shot with a bolt by an orc warrior

Illustrated notes

Levels and vault maps discovered:
D:1:      giann_horns, layout_basic, hellmonk_ecumenical_altar_crossroads,
          serial_shops, shop
D:2:      layout_rooms
D:3:      layout_basic, corexii_corridor_pit, chequers_serial_rivers_micro_c,
          chequers_arboretum, uniq_ijyb
D:4:      layout_basic, trog_hazing_becter, minmay_temple_entry_mini_moons,
          minmay_bent, uniq_menkaure, uniq_edmund, uniq_grinder, uniq_sigmund
D:5:      minmay_opposing_rooms, layout_basic, nzn_wu_jian_contemplation,
          grunt_gozag_breadcrumbs
D:6:      layout_basic, portal_sewer_entry_d, uniq_pikel
D:7:      layout_basic, zin_purify, grunt_temple_overflow_open, enter_bailey_5
Temple:   dpeg_three_leaves_temple
Bailey:   bailey_polearm_2, bailey

Skill      XL: |  1  2  3  4  5  6  7  8  9 10 |
---------------+-------------------------------+-----
Stealth        | 6 7 9 10 11 12 | 12.5
Dodging        | 2 3 4 6 7 |  7.0
Fighting       | 2 3 |  3.9
Spellcasting   | 1 2 4 5 6 |  6.0
Evocations     | 1 2 4 5 6 |  6.1
Slings         | 1 2 5 6 7 |  7.4
Conjurations   | 1 2 3 |  3.6
Air Magic      | 1 2 3 4 |  4.7
Short Blades   | 3 4 |  4.1
Throwing       | 3 |  3.3
Fire Magic     | 1 |  1.2
Armour         | |  0.1
Shields        | |  0.9

Action                   |  1- 3 |  4- 6 |  7- 9 | 10-12 || total
-------------------------+-------+-------+-------+-------++-------
Melee: Dagger            |    94 |    30 |    96 |    74 ||   294
       Punch             |       |       |     2 |     3 ||     5
 Fire: Hunting sling     |     1 |    23 |   172 |   115 ||   311
Throw: Dart              |    11 |    10 |    17 |       ||    38
       Stone             |       |       |     3 |       ||     3
 Cast: Static Discharge  |       |       |     4 |     6 ||    10
  Use: Scroll            |       |     9 |     4 |     1 ||    14
       Potion            |       |       |       |     2 ||     2
 Stab: Sleeping          |    19 |    15 |    12 |     6 ||    52
       Distracted        |       |       |     1 |       ||     1
Armor: Robe              |    16 |     2 |    10 |     5 ||    33
       Gold dragon scale |       |       |       |     9 ||     9
Dodge: Dodged            |    57 |    16 |    74 |    67 ||   214
Block: Other             |     5 |     4 |    25 |    29 ||    63
       Reflection        |       |       |     1 |    10 ||    11
